 Dungeon Crawl Stone Soup version 0.23-a0-389-g4a5eb33 (webtiles) character file.

197 sleepydude the Covered (level 5, -12/47 HPs)
             Began as a Minotaur Fighter on Oct 29, 2018.
             Mangled by an ogre
             ... wielding a +0 giant spiked club
              (21 damage)
             ... on level 4 of the Dungeon.
             The game lasted 00:04:30 (2492 turns).

sleepydude the Covered (Minotaur Fighter)           Turns: 2492, Time: 00:04:30

Health: -12/47     AC: 10    Str: 21    XL:     5   Next: 46%
Magic:  4/4        EV:  8    Int:  5    God:
Gold:   157        SH:  9    Dex: 10    Spells: 4/4 levels left

rFire    + . .     SeeInvis .   t - +0 whip (elec)
rCold    . . .     Gourm    .   c - +0 shield
rNeg     . . .     Faith    .   u - +0 chain mail (curse)
rPois    .         Spirit   .   (helmet restricted)
rElec    .         Reflect  .   o - +0 cloak
rCorr    .         Harm     .   (no gloves)
MR       .....                  (no boots)
Stlth    ..........             (no amulet)
HPRegen  0.15/turn              q - +2 ring of evasion
MPRegen  0.09/turn              x - ring of protection from fire

@: no status effects
A: retaliatory headbutt, horns 2
a: no special abilities


You were on level 4 of the Dungeon.
You were not hungry.

You visited 1 branch of the dungeon, and saw 4 of its levels.

You collected 157 gold pieces.

Inventory:

Hand Weapons
 a - a +0 flail
 t - a +0 whip of electrocution (weapon)
Armour
 c - a +0 shield (worn)
 o - a +0 cloak (worn)
 u - a cursed +0 chain mail (worn)
Jewellery
 q - a +2 ring of evasion (left hand)
 x - a ring of protection from fire (right hand)
Wands
 v - a wand of enslavement (9)
Scrolls
 b - a scroll of fog {unknown}
 i - 5 scrolls of identify {unknown}
 k - a scroll of random uselessness {unknown}
 l - 2 scrolls of remove curse {unknown}
 m - a scroll of teleportation {unknown}
 p - 2 scrolls of amnesia {unknown}
 r - 2 scrolls of immolation {unknown}
Potions
 d - 4 potions of might
 e - a potion of haste {unknown}
 g - a potion of berserk rage {unknown}
 h - a potion of resistance {unknown}
 j - a potion of heal wounds {unknown}
 n - a potion of mutation {unknown}
 w - a potion of flight {unknown}
Comestibles
 f - 9 rations
 s - 5 chunks of flesh


   Skills:
 + Level 4.4 Fighting
 + Level 4.5 Maces & Flails
 + Level 4.7 Armour
 + Level 0.8 Dodging
 + Level 0.3 Stealth
 + Level 4.7 Shields


You had 4 spell levels left.
You didn't know any spells.
Your spell library was empty.

Dungeon Overview and Level Annotations

Branches:
Dungeon (4/15)
 Temple: D:4-7

Altars:


Innate Abilities, Weirdness & Mutations

You reflexively headbutt those who attack you in melee.
You have a pair of horns on your head.


Message History

You are too injured to fight recklessly!
You are too injured to fight recklessly!
You are too injured to fight recklessly!
You are too injured to fight recklessly!
You are too injured to fight recklessly!
You are too injured to fight recklessly!
You are too injured to fight recklessly!
You are too injured to fight recklessly!
You are too injured to fight recklessly!
You are too injured to fight recklessly!
You are too injured to fight recklessly!
You are too injured to fight recklessly!
Sorry, you're not good enough to have a special ability.
Okay, then.
The adder barely misses you. You furiously retaliate!
You headbutt the adder. You hit the ogre.
The ogre is severely wounded.
You block the adder's attack.
The ogre hits you with a +0 giant spiked club!!
You die...

............###....
#........#........#
##....?..#.......%#
#........#........# # .#.#
..................# ..##...
.................# #..#...
..[.#...........# #.#.... ...
###.###OS...#### #...#.. ..
#....###..##.@......# ##...##.
.##.....##..##........###.......
...#.........##............ ##...
..#.........##.............##....
..##......................#....##
..............##..........#..####
.....#......##...............# #.
.....#<.....##).....).....#..###.
.....#......##............##.##..


You could see an ogre and an adder.

Vanquished Creatures
  Jessica (D:2)
  An iguana (D:4)
  2 worker ants (D:4)
  3 adders
  An ooze (D:1)
  2 worms
  2 dart slugs
  6 giant cockroaches
  5 goblins
  3 hobgoblins
  8 jackals
  4 kobolds
  2 quokkas
  3 ball pythons
  6 bats
  3 frilled lizards
  A leopard gecko skeleton (D:4)
  10 rats
  A plant (D:1)
64 creatures vanquished.

Notes
Turn   | Place    | Note
-------+----------+-------------------------------------------
     0 | D:1      | sleepydude the Minotaur Fighter began the quest for the
                  | Orb.
     0 | D:1      | Reached XP level 1. HP: 19/19 MP: 0/0
    99 | D:1      | Reached XP level 2. HP: 24/27 MP: 1/1
   532 | D:1      | Reached XP level 3. HP: 33/33 MP: 2/2
  1069 | D:2      | Noticed Jessica
  1074 | D:2      | Killed Jessica
  1074 | D:2      | Reached XP level 4. HP: 40/40 MP: 3/3
  2362 | D:4      | Reached XP level 5. HP: 47/47 MP: 4/4
  2480 | D:4      | Noticed an ogre
  2492 | D:4      | Mangled by an ogre

Vault maps used:
D:1:      giann_wishing_wells, serial_forest, infiniplex_forest_clump_medium,
          infiniplex_forest_clump_C, infiniplex_forest_clump_small,
          infiniplex_forest_clump_medium, infiniplex_forest_lined_ring,
          infiniplex_forest_clump_medium, infiniplex_forest_split
D:2:      first_ration, kennysheep_jessica_study
D:4:      guppyfry_shop_venom

Skill      XL: |  1  2  3  4 |
---------------+-------------+-----
Armour         | 4 |  4.7
Maces & Flails | 3 4 |  4.5
Shields        | 4 |  4.7
Fighting       | 4 |  4.4
Dodging        | |  0.8
Stealth        | |  0.3

Action                   |  1- 3 |  4- 6 || total
-------------------------+-------+-------++-------
Melee: Flail             |    86 |    11 ||    97
       Headbutt          |    16 |     8 ||    24
       Whip              |       |    55 ||    55
  Eat: Chunk             |     1 |     4 ||     5
Armor: Scale mail        |    25 |    16 ||    41
       Chain mail        |       |     5 ||     5
Dodge: Dodged            |    17 |    21 ||    38
Block: Shield            |    39 |    40 ||    79

Table legend:
 A = Non-vault XP
 B = Vault XP
 C = Vault XP percentage of total XP
 D = Non-vault monster count
 E = Vault monster count
 F = Vault count percentage of total count
                 A         B        C        D         E       F
            +---------+---------+-------+---------+---------+-------
      Total |     243 |      39 |  13.8 |      61 |       2 |   3.2
            +---------+---------+-------+---------+---------+-------
        D:1 |      53 |       0 |   0.0 |      29 |       0 |   0.0
        D:2 |      34 |      39 |  53.4 |      12 |       2 |  14.3
        D:3 |      51 |       0 |   0.0 |      15 |       0 |   0.0
        D:4 |     105 |       0 |   0.0 |       5 |       0 |   0.0
            +---------+---------+-------+---------+---------+-------
